 Dungeon Crawl Stone Soup version 0.21.0-24-g2553a3340b (webtiles) character file.

5538 Pixllover the Cleaver (level 10, -7/90 HPs)
             Began as a Minotaur Berserker on Jan 19, 2018.
             Was a High Priest of Trog.
             Mangled by a raiju (9 damage)
             ... on level 2 of the Abyss.
             The game lasted 00:26:12 (7837 turns).

Pixllover the Cleaver (Minotaur Berserker)          Turns: 7837, Time: 00:26:13

Health: -7/90      AC: 12    Str: 25    XL:     10   Next: 43%
Magic:  9/9        EV: 12    Int:  4    God:    Trog [*****.]
Gold:   152        SH:  0    Dex: 10    Spells: 9/9 levels left

rFire    . . .     SeeInvis .   i - +4 flail
rCold    + . .     Gourm    .   (no shield)
rNeg     . . .     Faith    .   m - +3 scale mail {rC+}
rPois    .         Spirit   .   (helmet restricted)
rElec    .         Reflect  .   b - +0 cloak
rCorr    .         Harm     .   (no gloves)
MR       .....                  (no boots)
Stlth    ..........             (no amulet)
HPRegen  0.25/turn              (no ring)
MPRegen  0.11/turn              (no ring)

@: no status effects
A: retaliatory headbutt, horns 2
a: Berserk, Trog's Hand, Brothers in Arms, Burn Spellbooks, Renounce Religion


You were on level 2 of the Abyss.
You worshipped Trog.
Trog was extremely pleased with you.
You were not hungry.

You visited 2 branches of the dungeon, and saw 10 of its levels.
You visited the Abyss 1 time.

You collected 524 gold pieces.
You spent 372 gold pieces at shops.

Inventory:

Hand Weapons
 g - a +3 quarterstaff of chaos
 h - a +1 falchion of distortion
 i - a +4 flail (weapon)
 y - a +1 war axe
Missiles
 p - 23 poisoned needles (quivered)
 r - 4 silver tomahawks
Armour
 b - a +0 cloak (worn)
 m - a +3 scale mail of cold resistance (worn)
Wands
 l - a wand of paralysis (3)
 w - a wand of iceblast (19)
Scrolls
 a - 17 scrolls of identify
 e - a scroll of immolation
 n - 3 scrolls of remove curse
 o - 4 scrolls of enchant armour
 u - a scroll of teleportation {unknown}
 x - a scroll of blinking
 A - a scroll of enchant weapon
Potions
 d - 4 potions of might {unknown}
 f - 2 potions of brilliance {unknown}
 j - 5 potions of curing {unknown}
 k - 2 potions of haste
 q - 2 potions of flight {unknown}
 s - 2 potions of magic {unknown}
 t - a potion of lignification {unknown}
 v - a potion of experience {unknown}
 z - a potion of berserk rage {unknown}
Comestibles
 c - 12 rations


   Skills:
 + Level 8.8 Fighting
 + Level 11.4(12.2) Axes
 + Level 3.4(8.2) Maces & Flails
   Level 6.0(9.6) Polearms
 + Level 8.6 Armour
 + Level 6.0 Dodging
 + Level 1.4 Stealth


You had 9 spell levels left.
You didn't know any spells.

Dungeon Overview and Level Annotations

Branches:
Dungeon (9/15)             Temple (1/1) D:6
   Lair: D:8-11         Orc: D:9-12

Altars:
Ashenzari
Cheibriados
Dithmenos
Elyvilon
Fedhas
Gozag
Hepliaklqana
Kikubaaqudgha
Makhleb
Nemelex Xobeh
Okawaru
Qazlal
Ru
Sif Muna
Trog
Uskayaw
Vehumet
Wu Jian
Xom
Yredelemnul
Zin
The Shining One

Shops:
D:5 ?   D:7 !*[   D:9 !?


Innate Abilities, Weirdness & Mutations

You reflexively headbutt those who attack you in melee.
You have a pair of horns on your head.


Message History

The living lightning misses you.
The raiju blinks!
Unknown command.
The tyrant leech bites you!!
* * * LOW HITPOINT WARNING * * *
The tyrant leech draws strength from your injuries!
You closely miss the raiju.
The raiju bursts into living lightning!
The living lightning misses you. The living lightning hits you!
* * * LOW HITPOINT WARNING * * *
The living lightning hits the raiju.
The raiju completely resists.
The raiju blinks! x3
You hit the raiju. Your headbutt misses the raiju.
The raiju is lightly wounded.
The tyrant leech barely misses you.
The raiju bites you but does no damage. x2
You completely miss the raiju. Your headbutt misses the raiju.
The raiju is lightly wounded.
The raiju bites you!
* * * LOW HITPOINT WARNING * * *
The raiju shocks you!
You die...

. .. . . .#.. #.
.# ...# #..##..
..# ## ##..#..#
..#..# #....#..
#.#..###
#.#....####.......
......h..h@h# .#
#.##.#..#w.#...#
#....#...### ##
#...##.∩..# #
....... #.....#
...... .#.#R##
#....#.....§§.
#..... . ##.... #
.......# # ..#


You could see a tyrant leech, an efreet and 3 raiju.

Vanquished Creatures
  Erica (D:8)
  Pikel (D:4)
  Psyche (D:8)
  Maurice (D:8)
  A hippogriff (D:8)
  A water moccasin (D:7)
  2 sky beasts
  An orc warrior (D:9)
  3 black bears
  A necrophage (D:7)
  An ice beast (D:6)
  5 ogres
  3 centaurs
  8 bullfrogs
  A water moccasin skeleton (D:9)
  A scorpion (D:2)
  3 killer bees (D:9)
  10 wights
  A crimson imp (D:9)
  2 hounds
  A centaur zombie (D:5)
  Crazy Yiuf (D:7)
  4 orc priests
  3 jellies
  5 orc wizards
  A centaur skeleton (D:7)
  Terence (D:2)
  10 worker ants
  A hound zombie (D:4)
  Robin (D:4)
  4 gnolls (D:2)
  3 adders
  A shadow imp (D:7)
  2 oozes
  An adder zombie (D:7)
  2 worms
  2 dart slugs
  4 leopard geckos
  27 orcs
  7 giant cockroaches
  12 goblins
  13 hobgoblins
  9 jackals
  4 quokkas
  A ball python (D:5)
  8 bats
  5 frilled lizards
  A jackal skeleton (D:7)
  5 kobolds
  A quokka skeleton (D:7)
  11 rats
199 creatures vanquished.

Vanquished Creatures (others)
  A worm (D:4)
  An orc (D:4)
  A quokka (D:4)
  A jackal skeleton (D:4)
4 creatures vanquished.

Grand Total: 203 creatures vanquished

Notes
Turn   | Place    | Note
-------+----------+-------------------------------------------
     0 | D:1      | Pixllover the Minotaur Berserker began the quest for the Orb.
     0 | D:1      | Reached XP level 1. HP: 19/19 MP: 0/0
   557 | D:1      | Reached XP level 2. HP: 26/27 MP: 1/1
   900 | D:1      | Reached skill level 4 in Axes
  1108 | D:1      | Reached XP level 3. HP: 33/33 MP: 2/2
  1322 | D:2      | Reached ** piety under Trog
  1375 | D:2      | Noticed Terence
  1383 | D:2      | Killed Terence
  1509 | D:2      | Noticed a scorpion
  1515 | D:2      | Killed a scorpion
  1515 | D:2      | Reached XP level 4. HP: 27/41 MP: 3/3
  1715 | D:2      | Reached skill level 1 in Polearms
  1726 | D:2      | Reached XP level 5. HP: 39/47 MP: 4/4
  2172 | D:2      | Found a shadowy altar of Dithmenos.
  2615 | D:3      | Reached *** piety under Trog
  2615 | D:3      | Reached skill level 1 in Stealth
  3059 | D:4      | Noticed Pikel
  3060 | D:4      | Noticed a slave
  3062 | D:4      | Noticed a slave
  3065 | D:4      | Noticed a slave
  3065 | D:4      | Noticed a slave
  3079 | D:4      | Killed Pikel
  3079 | D:4      | Reached skill level 5 in Fighting
  3079 | D:4      | Reached skill level 5 in Polearms
  3079 | D:4      | Reached XP level 6. HP: 39/56 MP: 5/5
  3079 | D:4      | Reached XP level 7. HP: 43/61 MP: 6/6
  3241 | D:4      | Noticed Robin
  3253 | D:4      | Killed Robin
  3580 | D:5      | Entered Level 5 of the Dungeon
  3788 | D:5      | Found Inkohunke's Magic Scroll Emporium.
  3795 | D:5      | Reached skill level 5 in Armour
  3808 | D:5      | Bought a scroll of enchant armour for 105 gold pieces
  3808 | D:5      | Bought a scroll of identify for 28 gold pieces
  3857 | D:5      | Reached skill level 5 in Dodging
  4347 | D:6      | Reached skill level 5 in Axes
  4347 | D:6      | Reached XP level 8. HP: 70/70 MP: 7/7
  4349 | D:6      | Reached **** piety under Trog
  4419 | D:6      | Found a staircase to the Ecumenical Temple.
  4429 | Temple   | Entered the Ecumenical Temple
  4747 | D:6      | Reached skill level 6 in Axes
  4797 | D:6      | Reached skill level 7 in Axes
  5077 | D:7      | Found Fuacrau's Armour Boutique.
  5085 | D:7      | Reached XP level 9. HP: 52/78 MP: 8/8
  5122 | D:7      | Found a glowing silver altar of Zin.
  5128 | D:7      | Reached skill level 8 in Axes
  5143 | D:7      | Found a hide-covered altar of Uskayaw.
  5144 | D:7      | Found a glowing golden altar of the Shining One.
  5240 | D:7      | Found Suwnuofi's Assorted Antiques.
  5336 | D:7      | Reached ***** piety under Trog
  5336 | D:7      | Reached skill level 9 in Axes
  5364 | D:7      | Found a runed door.
  5490 | D:7      | Found Kuown's Distillery.
  5498 | D:7      | Bought a potion of degeneration for 15 gold pieces
  5498 | D:7      | Bought a potion of heal wounds for 75 gold pieces
  5759 | D:7      | Noticed Crazy Yiuf
  5761 | D:7      | Killed Crazy Yiuf
  5899 | D:8      | Reached skill level 10 in Axes
  5930 | D:8      | Noticed Psyche
  5931 | D:8      | Noticed Maurice
  5942 | D:8      | Killed Psyche
  5983 | D:8      | Paralysed by something for 4 turns
  6003 | D:8      | Paralysed by Maurice for 6 turns
  6016 | D:8      | Killed Maurice
  6247 | D:8      | Found a blossoming altar of Fedhas.
  6247 | D:8      | Found an ancient bone altar of Kikubaaqudgha.
  6247 | D:8      | Found a deep blue altar of Sif Muna.
  6424 | D:8      | Noticed Erica
  6440 | D:8      | Killed Erica
  6440 | D:8      | Reached skill level 11 in Axes
  6440 | D:8      | Reached skill level 1 in Maces & Flails
  6440 | D:8      | Reached XP level 10. HP: 25/88 MP: 9/9
  7466 | D:9      | Found a bloodstained altar of Trog.
  7479 | D:9      | Found Veradug's Magic Scroll Boutique.
  7509 | D:9      | Bought a scroll of enchant weapon for 97 gold pieces
  7509 | D:9      | Bought a scroll of identify for 26 gold pieces
  7509 | D:9      | Bought a scroll of identify for 26 gold pieces
  7527 | D:9      | Found Naucs's Distillery.
  7539 | D:9      | HP: 6/135 [bullfrog (7)]
  7815 | D:9      | Cast into level 2 of the Abyss (a distortion unwield)
  7837 | Abyss:2  | HP: 2/90 [raiju (8)]
  7837 | Abyss:2  | Mangled by a raiju

Skill      XL: |  1  2  3  4  5  6  7  8  9 10 |
---------------+-------------------------------+-----
Fighting       | 4 5 6 8 |  8.8
Axes           | 4 5 7 11 | 11.4
Dodging        | 3 4 5 6 |  6.0
Polearms       | 1 5 6 |  6.0
Armour         | 3 4 5 6 8 |  8.6
Stealth        | 1 |  1.4
Maces & Flails | 1 3 |  3.4

Action                   |  1- 3 |  4- 6 |  7- 9 | 10-12 || total
-------------------------+-------+-------+-------+-------++-------
Melee: Hand axe          |    11 |       |       |       ||    11
       Spear             |    51 |   110 |    29 |       ||   190
       Headbutt          |     6 |    18 |    47 |    11 ||    82
       War axe           |       |       |   183 |       ||   183
       Flail             |       |       |    13 |    73 ||    86
Invok: Berserk           |       |     1 |     1 |     1 ||     3
       Burn Spellbooks   |       |       |     2 |     1 ||     3
  Use: Scroll            |       |     1 |     7 |       ||     8
       Potion            |       |     1 |       |       ||     1
 Stab: Sleeping          |     1 |       |       |       ||     1
  Eat: Chunk             |     2 |     6 |     5 |     1 ||    14
       Ration            |       |       |     2 |     2 ||     4
Armor: Animal skin       |     6 |       |       |       ||     6
       Scale mail        |       |    60 |   121 |    57 ||   238
Dodge: Dodged            |    43 |    71 |   143 |    72 ||   329
